 Dungeon Crawl Stone Soup version 0.20.1-1-g8b1a95d (webtiles) character file.

46 nightchill the Cudgeler (level 3, -3/21 HPs)
             Began as a Gargoyle Warper on Dec 24, 2017.
             Slain by a worm (7 damage)
             ... on level 2 of the Dungeon.
             The game lasted 00:04:24 (1252 turns).

nightchill the Cudgeler (Gargoyle Warper)           Turns: 1252, Time: 00:04:25

Health: -3/21      AC:  6    Str: 14    XL:     3   Next: 66%
Magic:  6/6        EV: 11    Int: 13    God:
Gold:   27         SH:  0    Dex: 10    Spells: 6/6 levels left

rFire    . . .     SeeInvis .   h - +0 whip
rCold    . . .     Gourm    .   (no shield)
rNeg     + . .     Faith    .   b - +0 leather armour
rPois    ∞         Spirit   .   (no helmet)
rElec    +         Reflect  .   (no cloak)
rCorr    .         Harm     .   (no gloves)
MR       .....                  (no boots)
Stlth    +.........             (no amulet)
Regen    0.1/turn               (no ring)
MPRegen  0.1/turn               (no ring)

@: very slightly contaminated
A: negative energy resistance 1, electricity resistance, unbreathing,
petrification resistance, rot immunity, AC +3
a: no special abilities


You were on level 2 of the Dungeon.
You were not hungry.

You visited 1 branch of the dungeon, and saw 2 of its levels.

You collected 27 gold pieces.

Inventory:

Hand Weapons
 a - a +0 mace
 h - a +0 whip (weapon)
Missiles
 e - 5 tomahawks of dispersal
 g - 55 stones (quivered)
Armour
 b - a +0 leather armour (worn)
 o - a +0 pair of gloves
Scrolls
 j - a scroll of remove curse {unknown}
 k - a scroll of enchant weapon {unknown}
 l - a scroll of identify {unknown}
 m - a scroll of magic mapping {unknown}
 n - a scroll of teleportation {unknown}
Books
 c - a book of Spatial Translocations

   Spells                             Type                      Level
   a - Blink                          Translocation                2
   b - Shroud of Golubria             Charms/Translocation         2
   c - Lesser Beckoning               Translocation                3
   d - Gell's Gravitas                Translocation                3
   e - Teleport Other                 Translocation                3
   f - Passage of Golubria            Translocation                4
Comestibles
 f - a bread ration
 p - a royal jelly


   Skills:
 - Level 2.1 Fighting
 + Level 3.9 Maces & Flails
 - Level 0.8 Throwing
 - Level 1.1 Armour
 - Level 1.5 Dodging
 - Level 2.0 Spellcasting
   Level 2.6 Translocations


You had 6 spell levels left.
You didn't know any spells.

Dungeon Overview and Level Annotations

Branches:
Dungeon (2/15)

Altars:

Annotations:
D:2 Robin


Innate Abilities, Weirdness & Mutations

You are resistant to torment.
Your stone body is resilient. (AC +3)
You are immune to poison.
You resist negative energy. (rN+)
You are resistant to electric shocks. (rElec)
You can survive without breathing.
You are immune to petrification.
You are immune to rotting.


Message History

The gnoll hits you with a club.
* * * LOW HITPOINT WARNING * * *
Blink to where?
Press: ? - help, Dir - move target cursor You are very lightly contaminated with residual magic.
As you read the scroll of blinking, it crumbles to dust.
You see here a dagger.
There is a stone staircase leading down here.
You hit the goblin but do no damage. The goblin completely misses you.
You closely miss the goblin. The goblin hits you but does no damage.
You climb downwards.
Level annotation: Robin An adder, a worm and a hobgoblin come into view.
The adder hisses angrily.
The hobgoblin shouts!
The worm barely misses you.
There is a stone staircase leading up here.
The adder barely misses you. The goblin hits you but does no damage.
The worm bites you!
You die...

..###
..#
..#
###
#@#


#Swg# #.g.# #...# ##.## #+# You could see a worm, an adder, a hobgoblin and a
goblin.

Vanquished Creatures
  2 oozes (D:1)
  A dart slug (D:1)
  A leopard gecko (D:1)
  A ball python (D:1)
  6 bats (D:1)
  A giant cockroach (D:1)
  4 hobgoblins (D:1)
  A frilled lizard (D:1)
  9 goblins
  2 kobolds (D:1)
  6 rats (D:1)
34 creatures vanquished.

Vanquished Creatures (others)
  9 toadstools (D:2)
9 creatures vanquished.

Grand Total: 43 creatures vanquished

Notes
Turn   | Place    | Note
-------+----------+-------------------------------------------
     0 | D:1      | nightchill the Gargoyle Warper began the quest for the Orb.
     0 | D:1      | Reached XP level 1. HP: 12/12 MP: 3/3
   237 | D:1      | Reached XP level 2. HP: 15/17 MP: 5/5
   362 | D:1      | Reached skill level 3 in Maces & Flails
   647 | D:1      | Reached XP level 3. HP: 10/21 MP: 6/6
  1115 | D:2      | Noticed Robin
  1252 | D:2      | Slain by a worm

Skill      XL: |  1  2 |
---------------+-------+-----
Maces & Flails | 3 |  3.9
Fighting       | |  2.1
Throwing       | |  0.8
Armour         | |  1.1
Dodging        | |  1.5
Spellcasting   | |  2.0
Translocations | |  2.6

Action                   || total
-------------------------++-------
Melee: Mace              ||    17
       Whip              ||   127
  Use: Scroll            ||     1
  Eat: Chunk             ||     1
Armor: Leather armour    ||    47
Dodge: Dodged            ||    90
